 Dungeon Crawl Stone Soup version 0.19-a0-1268-g6c5d9f8 (webtiles) character file.

3590 MTVSty1e the Fighter (level 10, -7/84 HPs)
             Began as a Formicid Fighter on Aug 29, 2016.
             Killed from afar by a deep elf mage (12 damage)
             ... with a shard of ice
             ... on level 7 of the Dungeon.
             The game lasted 00:14:04 (6963 turns).

MTVSty1e the Fighter (Formicid Fighter)             Turns: 6963, Time: 00:14:04

Health: -7/84      AC: 16    Str: 25    XL:     10   Next: 31%
Magic:  20/20      EV:  9    Int:  7    God:
Gold:   301        SH: 11    Dex: 12    Spells: 0 memorised, 9 levels left

rFire  . . .     SeeInvis +     b - +2 hand axe (chop)
rCold  . . .     Gourm    .     x - +0 plate armour
rNeg   . . .     Faith    +     c - +0 shield
rPois  .         Spirit   .     (helmet unavailable)
rElec  .         Dismiss  .     p - +0 cloak
rCorr  .         Reflect  .     (no gloves)
MR     +....     Harm     .     (no boots)
Stlth  ..........               i - amulet of faith
                                (no ring)
                                d - ring of magical power

@: no status effects
A: permanent stasis, dig shafts and tunnels, four strong arms, antennae 3, thin
metallic scales 1, agile 1, high mp 1
a: Dig, Shaft Self


You were on level 7 of the Dungeon.
You were not hungry.

You visited 1 branch of the dungeon, and saw 7 of its levels.

You collected 301 gold pieces.

Inventory:

Hand Weapons
 a - a +0 war axe
 b - a +2 hand axe of chopping (weapon)
Armour
 c - a +0 shield (worn)
 p - a +0 cloak (worn)
 x - a +0 plate armour (worn)
Jewellery
 d - a ring of magical power (left hand)
 i - an amulet of faith (around neck)
Scrolls
 e - 2 scrolls of magic mapping {unknown}
 g - 3 scrolls of teleportation
 h - 10 scrolls of identify {unknown}
 j - a scroll of blinking {unknown}
 k - a scroll of recharging {unknown}
 l - 3 scrolls of remove curse
 n - 2 scrolls of random uselessness {unknown}
 o - a scroll of enchant armour {unknown}
 v - a scroll of brand weapon {unknown}
Potions
 q - a potion of curing {unknown}
 r - a potion of resistance {unknown}
 s - a potion of agility {unknown}
Books
 m - a book of Dreams

   Spells                             Type                      Level
   a - Ensorcelled Hibernation        Hexes/Ice                    2
   b - Silence                        Hexes/Air                    5
   c - Darkness                       Hexes                        6
   d - Shadow Creatures               Summoning                    6
Comestibles
 f - 6 bread rations
 t - 2 beef jerkies
 u - 7 slices of pizza
 w - 5 fruits


   Skills:
 * Level 9.6 Fighting
 + Level 6.1 Axes
 + Level 7.0 Armour
 + Level 5.0 Dodging
 + Level 7.9 Shields


You had 9 spell levels left.
You didn't know any spells.

Dungeon Overview and Level Annotations

Branches:
Dungeon (7/15)
 Temple: D:4-7

Altars:
Cheibriados
Dithmenos
Ru
The Shining One
Beogh

Shops:
D:7 %


Innate Abilities, Weirdness & Mutations

You are under a permanent stasis effect.
You can dig through walls and to a lower floor.
Your four strong arms can wield two-handed weapons with a shield.
You have a pair of large antennae on your head. (SInv)
You are partially covered in thin metallic scales. (AC +2)
You are agile. (Dex +2)
You have an increased reservoir of magic. (+10% MP)


Message History

The deep elf mage is almost dead.
The deep elf mage gestures at you while chanting.
You block the shard of ice.
You closely miss the deep elf mage.
The deep elf mage is almost dead.
The deep elf mage gestures at you while chanting.
The bolt of cold hits you!
* * * LOW HITPOINT WARNING * * *
You are too injured to fight recklessly!
You barely miss the deep elf mage.
The deep elf mage is almost dead.
The deep elf mage hits you but does no damage.
You hit the deep elf mage.
The deep elf mage is almost dead.
The deep elf mage hits you but does no damage.
You closely miss the deep elf mage.
The deep elf mage is almost dead.
The deep elf mage points at you and mumbles some strange words.
The shard of ice hits you!
You die...

##.#.# ##.......## #
##....###.<......)####
#...............))))..
#................)####
####.#.#.##.#.......##
#
#...........##.....##
#.##.#..8...###...## #
#<.......# ##'##
#..##@##.# #.#
#..#.e.#.# #.#
...#._.#.# ##.##
###.#...#####...##
#.########.....# .#
#......###### ..
.............##
##...#######... ####
####


You could see a deep elf mage.

Vanquished Creatures
  The ghost of Tux the Skirmisher, an amateur FoAK of Lugonu (D:3)
  Grinder (D:6)
  Sigmund (D:3)
  A yak (D:7)
  Eustachio (D:4)
  A human (D:7)
  3 hogs (D:7)
  An ice beast (D:7)
  A black bear (D:7)
  A sky beast (D:6)
  3 orc warriors
  A phantom (D:7)
  4 ogres
  A centaur (D:6)
  A big kobold (D:6)
  A giant frog (D:7)
  A gnoll sergeant (D:7)
  2 howler monkeys (D:4)
  The ghost of murphy the Magician, a weakling OpWz (D:4)
  A jelly (D:6)
  A quasit (D:6)
  3 hounds
  Crazy Yiuf (D:3)
  4 orc priests
  A centaur skeleton (D:6)
  Jessica (D:3)
  Natasha (thrice) (D:2)
  2 iguanas
  5 orc wizards
  2 worker ants
  7 adders
  5 gnolls (D:7)
  2 shadow imps
  2 worms
  4 dart slugs
  5 giant geckos
  14 orcs
  6 bats
  11 giant cockroaches
  2 hobgoblins
  4 jackals (D:2)
  9 kobolds
  4 quokkas
  A ball python (D:4)
  A giant gecko skeleton (D:5)
  5 giant newts
  11 goblins
  6 rats
150 creatures vanquished.

Notes
Turn   | Place    | Note
-------+----------+-------------------------------------------
     0 | D:1      | MTVSty1e the Formicid Fighter began the quest for the Orb.
     0 | D:1      | Reached XP level 1. HP: 18/18 MP: 1/1
    86 | D:1      | Reached XP level 2. HP: 15/24 MP: 2/2
   511 | D:2      | Reached XP level 3. HP: 30/30 MP: 3/3
   527 | D:2      | Reached skill level 4 in Fighting
   990 | D:2      | Reached XP level 4. HP: 35/37 MP: 4/4
  1001 | D:2      | Noticed Natasha
  1008 | D:2      | Killed Natasha
  1291 | D:2      | Noticed Natasha
  1305 | D:2      | Killed Natasha
  1305 | D:2      | Reached skill level 1 in Dodging
  1305 | D:2      | Reached XP level 5. HP: 18/43 MP: 5/5
  1474 | D:2      | Noticed Natasha
  1480 | D:2      | Killed Natasha
  1593 | D:3      | Found a runed door.
  1658 | D:3      | Noticed Crazy Yiuf
  1664 | D:3      | Killed Crazy Yiuf
  1877 | D:3      | Noticed Jessica
  1883 | D:3      | Killed Jessica
  1883 | D:3      | Reached skill level 5 in Fighting
  1883 | D:3      | Reached XP level 6. HP: 41/51 MP: 6/6
  1923 | D:3      | Noticed Sigmund
  1933 | D:3      | Noticed Tux's ghost (amateur FoAK)
  1937 | D:3      | Killed Sigmund
  1957 | D:3      | Killed Tux's ghost
  1957 | D:3      | Reached skill level 6 in Fighting
  1957 | D:3      | Reached skill level 5 in Shields
  1957 | D:3      | Reached XP level 7. HP: 52/58 MP: 7/7
  2798 | D:3      | Found a roughly hewn altar of Beogh.
  2805 | D:3      | Reached XP level 8. HP: 60/64 MP: 8/8
  2906 | D:4      | Gained mutation: You have an increased reservoir of magic. (+10% MP) [potion of mutation]
  2906 | D:4      | Gained mutation: You are partially covered in thin metallic scales. (AC +2) [potion of mutation]
  2906 | D:4      | Gained mutation: You are agile. (Dex +2) [potion of mutation]
  3005 | D:3      | Reached skill level 5 in Armour
  4061 | D:4      | Noticed Eustachio
  4087 | D:4      | Killed Eustachio
  4087 | D:4      | Reached skill level 7 in Fighting
  4223 | D:4      | Noticed murphy's ghost (weakling OpWz)
  4229 | D:4      | Killed murphy's ghost
  4307 | D:4      | Found a sacrificial altar of Ru.
  4362 | D:5      | Entered Level 5 of the Dungeon
  4425 | D:5      | You fall through a shaft for 2 floors!
  4619 | D:7      | Noticed a human
  4619 | D:7      | Noticed a hog
  4619 | D:7      | Noticed a yak
  4620 | D:7      | Noticed a hog
  4620 | D:7      | Noticed a hog
  4628 | D:7      | Killed a hog
  4628 | D:7      | Reached XP level 9. HP: 45/72 MP: 9/9
  4636 | D:7      | Reached skill level 8 in Fighting
  4641 | D:7      | Reached skill level 5 in Axes
  5118 | D:6      | Noticed Grinder
  5149 | D:6      | Killed Grinder
  5347 | D:6      | Found a shadowy altar of Dithmenos.
  5612 | D:6      | Found a snail-covered altar of Cheibriados.
  5741 | D:6      | Reached skill level 9 in Fighting
  5741 | D:6      | Reached XP level 10. HP: 64/83 MP: 11/11
  6589 | D:7      | Reached skill level 5 in Dodging
  6634 | D:7      | Found Demimud's Food Shop.
  6948 | D:7      | Found a glowing golden altar of the Shining One.
  6949 | D:7      | Noticed a deep elf mage
  6963 | D:7      | Killed from afar by a deep elf mage

Vault maps used:
D:1:      minmay_arrival_shattered_statue
D:2:      uniq_natasha
D:3:      minmay_misc_feat_square, kennysheep_orc_chapel, uniq_sigmund,
          uniq_crazy_yiuf_cottage, uniq_jessica
D:4:      marbit_many_paths, first_bread, hangedman_decor_growths,
          uniq_eustachio
D:5:      yredelemnul_altar_generic, uniq_edmund
D:6:      grunt_dithmenos_smoke_and_mirrors, basic_altar, uniq_grinder
D:7:      serial_shops, nicolae_shop_stone, grunt_livestock,
          david_defended_altar_elf

Skill      XL: |  1  2  3  4  5  6  7  8  9 10 |
---------------+-------------------------------+-----
Fighting       | 4 5 6 7 9 |  9.6
Shields        | 4 5 6 7 |  7.9
Dodging        | 1 2 3 4 5 |  5.0
Armour         | 4 5 6 7 |  7.0
Axes           | 3 4 5 6 |  6.1

Action                   |  1- 3 |  4- 6 |  7- 9 | 10-12 || total
-------------------------+-------+-------+-------+-------++-------
Melee: War axe           |   107 |   100 |   270 |    51 ||   528
       Hand axe          |       |       |       |    44 ||    44
 Abil: Dig               |       |       |     1 |       ||     1
  Use: Potion            |       |     2 |     2 |     1 ||     5
       Scroll            |       |       |     2 |       ||     2
  Eat: Pizza             |       |     1 |       |       ||     1
       Meat ration       |       |     1 |     1 |     1 ||     3
       Chunk             |       |     1 |       |       ||     1
       Bread ration      |       |       |     1 |       ||     1
Armor: Scale mail        |    38 |    38 |    56 |       ||   132
       Skin              |       |    17 |       |       ||    17
       Plate armour      |       |       |    28 |    35 ||    63
Dodge: Dodged            |    42 |    30 |   103 |    37 ||   212
Block: Shield            |    59 |    42 |   147 |    50 ||   298
